[ AOE2 MATCH · #475171672 ]
UnrankedBritons vs Mongols
[ REPLAY ANALYSIS · EXTRACTED FROM THE RECORDED GAME ]
Feudal
8:49
Castle
28:00
Imperial
—
| APM avg | 68.1 |
| APM peak | 123 |
| eAPM avg | 23.7 |
| Villagers / military | 52 / 85 |
Focus
⚔️ 31.1% · 🌾 68.9%
Archer ×63 · Skirmisher ×10 · Spearman ×9 · Militia ×3
Feudal
9:16
Castle
20:37
Imperial
—
| APM avg | 36.4 |
| APM peak | 83 |
| eAPM avg | 19.1 |
| Villagers / military | 78 / 84 |
Focus
⚔️ 34.1% · 🌾 65.9%
Militia ×51 · Spearman ×23 · Scorpion ×8 · Monk ×1 · Battering Ram ×1
Feudal
9:21
Castle
24:52
Imperial
—
| APM avg | 46.6 |
| APM peak | 123 |
| eAPM avg | 11.6 |
| Villagers / military | 63 / 42 |
Focus
⚔️ 30.6% · 🌾 69.4%
Scout Cavalry ×30 · Camel Scout ×10 · Knight ×2
Feudal
9:05
Castle
27:34
Imperial
—
| APM avg | 44.9 |
| APM peak | 136 |
| eAPM avg | 17.9 |
| Villagers / military | 62 / 86 |
Focus
⚔️ 49.5% · 🌾 50.5%
Scout Cavalry ×61 · Battle Elephant ×25
Feudal
11:20
Castle
23:43
Imperial
—
| APM avg | 43.4 |
| APM peak | 136 |
| eAPM avg | 15.0 |
| Villagers / military | 49 / 38 |
Focus
⚔️ 37.5% · 🌾 62.5%
Archer ×32 · Skirmisher ×6
Feudal
9:41
Castle
21:26
Imperial
—
| APM avg | 26.8 |
| APM peak | 58 |
| eAPM avg | 13.2 |
| Villagers / military | 56 / 35 |
Focus
⚔️ 29.2% · 🌾 70.8%
Knight ×25 · Scout Cavalry ×8 · Spearman ×2
Feudal
10:06
Castle
25:29
Imperial
—
| APM avg | 62.1 |
| APM peak | 129 |
| eAPM avg | 16.7 |
| Villagers / military | 47 / 61 |
Focus
⚔️ 32.9% · 🌾 67.1%
Archer ×52 · Spearman ×9
Feudal
10:07
Castle
22:53
Imperial
—
| APM avg | 39.3 |
| APM peak | 91 |
| eAPM avg | 18.9 |
| Villagers / military | 81 / 73 |
Focus
⚔️ 25.8% · 🌾 74.2%
Knight ×59 · Scout Cavalry ×11 · Monk ×3
Match map
Initial resources + every placement click. Lines = walls · curves = elevation contours. ◆ gold · ⬟ stone · ● berries · ✦ relic · ◌ wall gap
Your base· Open — 8t gap
TarryMoney's base· Open — 7t gap
Mike Hawks Veiny's base· Open — unwalled flank
Mr. Cold's base· Open — 2t gap
DEVAKIO's base· Open — 5t gap
Kingbirra10's base· Open — 9t gap
Mike Hawks Krusty's base· Open — 6t gap
MUSI's base· Open — 8t gap
Smoothed initial terrain · ◌ = detected wall gap · hover for details
Inputs per minute
— Ra - - TarryMoney
Build order — Ra
First 150 of 206 actions detected
| 0:05 | Build | Town Center |
| 1:09 | Create | Villager (Male) |
| 1:10 | Create | Villager (Male) |
| 1:10 | Create | Villager (Male) |
| 1:10 | Create | Villager (Male) |
| 1:11 | Create | Villager (Male) |
| 1:38 | Create | Villager (Male) |
| 1:39 | Create | Villager (Male) |
| 1:39 | Create | Villager (Male) |
| 1:47 | Build | Lumber Camp |
| 3:07 | Create | Villager (Male) |
| 3:27 | Create | Villager (Male) |
| 3:47 | Create | Villager (Male) |
| 4:08 | Build | Mill |
| 4:10 | Create | Villager (Male) |
| 4:51 | Create | Villager (Male) |
| 5:21 | Create | Villager (Male) |
| 5:49 | Build | Barracks |
| 5:49 | Create | Villager (Male) |
| 6:10 | Research | Loom |
| 6:25 | Research | Feudal Age |
| 6:51 | Create | Militia |
| 7:22 | Create | Militia |
| 8:20 | Build | House |
| 8:28 | Create | Militia |
| 8:49 | Age | Feudal Age |
| 8:52 | Build | Archery Range |
| 8:56 | Research | Man-at-Arms (upgrade) |
| 9:00 | Create | Villager (Male) |
| 9:05 | Create | Villager (Male) |
| 9:21 | Build | Blacksmith |
| 9:27 | Create | Archer |
| 9:27 | Create | Archer |
| 9:32 | Build | House |
| 9:50 | Create | Skirmisher |
| 10:06 | Create | Archer |
| 10:09 | Create | Villager (Male) |
| 10:09 | Create | Villager (Male) |
| 10:14 | Build | House |
| 10:25 | Create | Villager (Male) |
| 10:34 | Create | Archer |
| 11:07 | Create | Villager (Male) |
| 11:45 | Create | Archer |
| 11:51 | Create | Archer |
| 11:54 | Build | Archery Range |
| 11:58 | Create | Villager (Male) |
| 12:10 | Create | Archer |
| 12:20 | Create | Spearman |
| 12:32 | Build | Farm |
| 12:34 | Research | Double-Bit Axe |
| 12:35 | Research | Horse Collar |
| 12:50 | Create | Villager (Male) |
| 12:57 | Build | Farm |
| 13:08 | Create | Archer |
| 13:19 | Create | Archer |
| 13:20 | Create | Archer |
| 13:31 | Create | Villager (Male) |
| 13:32 | Create | Villager (Male) |
| 13:37 | Build | Palisade Wall |
| 13:45 | Create | Archer |
| 14:00 | Create | Archer |
| 14:05 | Build | Farm |
| 14:05 | Create | Villager (Male) |
| 14:24 | Build | House |
| 14:25 | Build | House |
| 14:31 | Create | Archer |
| 14:42 | Build | Farm |
| 14:42 | Build | Farm |
| 14:42 | Build | Farm |
| 14:42 | Build | Farm |
| 14:56 | Create | Villager (Male) |
| 14:56 | Create | Villager (Male) |
| 15:10 | Create | Archer |
| 15:12 | Create | Spearman |
| 15:44 | Create | Archer |
| 15:46 | Create | Spearman |
| 15:52 | Build | Farm |
| 15:52 | Build | Farm |
| 15:52 | Build | Farm |
| 15:53 | Build | Farm |
| 15:55 | Create | Villager (Male) |
| 16:20 | Create | Spearman |
| 16:43 | Create | Archer |
| 16:43 | Create | Archer |
| 17:06 | Create | Archer |
| 17:07 | Create | Archer |
| 17:08 | Create | Spearman |
| 17:18 | Create | Villager (Male) |
| 17:18 | Create | Villager (Male) |
| 17:21 | Build | Farm |
| 17:22 | Build | Farm |
| 17:23 | Build | Farm |
| 17:29 | Create | Archer |
| 17:31 | Create | Skirmisher |
| 17:47 | Create | Archer |
| 18:14 | Create | Archer |
| 18:23 | Build | Farm |
| 18:23 | Build | Farm |
| 18:23 | Build | Farm |
| 18:47 | Create | Archer |
| 18:55 | Create | Spearman |
| 18:56 | Create | Villager (Male) |
| 18:56 | Create | Villager (Male) |
| 19:00 | Create | Archer |
| 19:04 | Create | Villager (Male) |
| 19:14 | Build | Mining Camp |
| 19:22 | Create | Skirmisher |
| 19:26 | Create | Skirmisher |
| 19:39 | Create | Skirmisher |
| 19:41 | Create | Skirmisher |
| 19:42 | Create | Archer |
| 19:52 | Build | House |
| 20:09 | Build | House |
| 20:28 | Create | Skirmisher |
| 20:30 | Create | Skirmisher |
| 20:37 | Build | House |
| 20:59 | Create | Archer |
| 21:06 | Create | Spearman |
| 21:07 | Create | Spearman |
| 21:09 | Create | Villager (Male) |
| 21:46 | Create | Spearman |
| 21:48 | Create | Archer |
| 21:49 | Create | Archer |
| 22:09 | Build | Mining Camp |
| 22:18 | Build | Archery Range |
| 22:57 | Create | Villager (Male) |
| 22:57 | Create | Villager (Male) |
| 23:10 | Create | Archer |
| 23:10 | Create | Archer |
| 23:12 | Research | Gold Mining |
| 23:33 | Research | Padded Archer Armor |
| 23:33 | Research | Fletching |
| 23:52 | Create | Archer |
| 23:52 | Create | Archer |
| 24:03 | Create | Archer |
| 24:03 | Create | Archer |
| 24:06 | Create | Villager (Male) |
| 24:06 | Create | Villager (Male) |
| 24:14 | Build | Market |
| 24:20 | Create | Skirmisher |
| 24:21 | Create | Skirmisher |
| 24:33 | Build | House |
| 24:42 | Research | Padded Archer Armor |
| 25:20 | Research | Castle Age |
| 25:22 | Create | Archer |
| 25:22 | Create | Archer |
| 25:31 | Build | Stone Wall |
| 25:32 | Build | Stone Wall |
| 25:33 | Build | Stone Wall |
| 25:47 | Create | Archer |
Build order — TarryMoney
First 150 of 250 actions detected
| 0:09 | Build | Town Center |
| 1:15 | Create | Villager (Male) |
| 1:16 | Create | Villager (Male) |
| 1:16 | Create | Villager (Male) |
| 1:16 | Create | Villager (Male) |
| 1:17 | Create | Villager (Male) |
| 1:57 | Create | Villager (Male) |
| 2:00 | Build | Lumber Camp |
| 2:27 | Create | Villager (Male) |
| 2:40 | Create | Villager (Male) |
| 3:49 | Build | Mill |
| 3:51 | Create | Villager (Male) |
| 4:13 | Create | Villager (Male) |
| 4:24 | Create | Villager (Male) |
| 4:54 | Create | Villager (Male) |
| 5:41 | Create | Villager (Male) |
| 5:55 | Build | Barracks |
| 6:08 | Create | Villager (Male) |
| 6:22 | Research | Loom |
| 6:34 | Build | House |
| 7:05 | Research | Feudal Age |
| 7:31 | Create | Militia |
| 7:31 | Create | Militia |
| 7:31 | Create | Militia |
| 7:58 | Create | Militia |
| 8:12 | Build | Palisade Wall |
| 8:14 | Build | Palisade Wall |
| 8:15 | Build | Palisade Wall |
| 8:16 | Build | Palisade Wall |
| 8:16 | Build | Palisade Wall |
| 8:19 | Build | Palisade Wall |
| 8:20 | Build | Palisade Wall |
| 8:21 | Build | Palisade Wall |
| 8:23 | Build | Palisade Wall |
| 8:28 | Create | Villager (Male) |
| 8:36 | Create | Militia |
| 8:48 | Build | Mill |
| 9:16 | Age | Feudal Age |
| 9:16 | Build | House |
| 9:20 | Research | Man-at-Arms (upgrade) |
| 9:26 | Research | Double-Bit Axe |
| 9:59 | Create | Villager (Male) |
| 10:16 | Build | Blacksmith |
| 10:36 | Create | Villager (Male) |
| 11:04 | Create | Villager (Male) |
| 11:09 | Research | Scale Mail Armor |
| 11:12 | Create | Villager (Male) |
| 11:28 | Research | Horse Collar |
| 11:43 | Build | Farm |
| 11:43 | Build | Farm |
| 11:43 | Build | Farm |
| 11:43 | Build | Farm |
| 11:44 | Build | Farm |
| 11:44 | Build | Farm |
| 11:47 | Create | Villager (Male) |
| 12:07 | Build | House |
| 12:09 | Create | Villager (Male) |
| 12:16 | Build | Watch Tower |
| 12:24 | Build | Farm |
| 12:42 | Create | Villager (Male) |
| 12:55 | Create | Villager (Male) |
| 13:05 | Create | Villager (Male) |
| 13:23 | Research | Forging |
| 13:43 | Create | Villager (Male) |
| 13:48 | Create | Villager (Male) |
| 13:51 | Build | Farm |
| 13:52 | Build | Farm |
| 14:03 | Create | Villager (Male) |
| 14:08 | Build | House |
| 14:43 | Build | Farm |
| 15:13 | Create | Villager (Male) |
| 15:15 | Create | Villager (Male) |
| 15:38 | Create | Villager (Male) |
| 15:46 | Build | Farm |
| 15:46 | Build | Farm |
| 15:48 | Create | Militia |
| 15:48 | Create | Militia |
| 15:48 | Create | Militia |
| 15:55 | Build | Barracks |
| 15:57 | Create | Villager (Male) |
| 16:36 | Create | Militia |
| 16:36 | Create | Militia |
| 16:38 | Build | Farm |
| 16:39 | Build | Farm |
| 16:47 | Create | Militia |
| 16:47 | Create | Militia |
| 17:03 | Build | House |
| 17:04 | Build | House |
| 17:14 | Create | Villager (Male) |
| 17:27 | Build | Market |
| 17:51 | Create | Militia |
| 17:57 | Research | Castle Age |
| 17:58 | Create | Militia |
| 18:12 | Create | Militia |
| 18:12 | Create | Militia |
| 18:43 | Create | Militia |
| 18:43 | Create | Militia |
| 18:46 | Create | Villager (Male) |
| 19:01 | Create | Villager (Male) |
| 19:02 | Create | Spearman |
| 19:03 | Create | Spearman |
| 19:15 | Create | Militia |
| 19:15 | Create | Militia |
| 19:16 | Create | Militia |
| 19:17 | Create | Militia |
| 19:24 | Build | Barracks |
| 19:35 | Create | Villager (Male) |
| 19:40 | Create | Militia |
| 19:40 | Create | Militia |
| 19:41 | Create | Militia |
| 19:51 | Build | House |
| 19:52 | Build | House |
| 20:37 | Age | Castle Age |
| 20:40 | Research | Long Swordsman (upgrade) |
| 20:48 | Research | Chain Mail Armor |
| 20:55 | Build | Siege Workshop |
| 20:59 | Create | Villager (Male) |
| 21:04 | Research | Squires |
| 21:06 | Create | Villager (Male) |
| 21:20 | Create | Militia |
| 21:20 | Create | Militia |
| 21:28 | Create | Militia |
| 21:28 | Create | Militia |
| 21:35 | Create | Villager (Male) |
| 21:47 | Create | Scorpion |
| 21:56 | Create | Battering Ram |
| 21:58 | Build | House |
| 21:59 | Create | Villager (Male) |
| 22:17 | Build | Town Center |
| 22:25 | Create | Villager (Male) |
| 22:32 | Create | Villager (Male) |
| 22:35 | Create | Militia |
| 22:35 | Create | Militia |
| 22:42 | Build | House |
| 22:55 | Create | Villager (Male) |
| 23:03 | Create | Scorpion |
| 23:03 | Create | Scorpion |
| 23:25 | Create | Villager (Male) |
| 23:30 | Create | Militia |
| 23:30 | Create | Militia |
| 23:30 | Create | Militia |
| 23:38 | Create | Villager (Male) |
| 23:38 | Create | Villager (Male) |
| 24:01 | Build | House |
| 24:02 | Create | Villager (Male) |
| 24:07 | Create | Militia |
| 24:23 | Create | Militia |
| 24:24 | Create | Militia |
| 24:24 | Create | Militia |
| 24:39 | Create | Militia |
Build order — Mike Hawks Veiny
First 150 of 176 actions detected
| 0:14 | Build | Town Center |
| 1:13 | Create | Villager (Male) |
| 1:13 | Create | Villager (Male) |
| 1:14 | Create | Villager (Male) |
| 1:32 | Create | Villager (Male) |
| 2:08 | Create | Villager (Male) |
| 2:08 | Create | Villager (Male) |
| 2:11 | Build | Lumber Camp |
| 2:26 | Create | Villager (Male) |
| 2:38 | Create | Villager (Male) |
| 3:14 | Create | Villager (Male) |
| 3:15 | Create | Villager (Male) |
| 3:45 | Create | Villager (Male) |
| 3:51 | Build | House |
| 4:29 | Create | Villager (Male) |
| 5:12 | Build | Mill |
| 5:29 | Create | Villager (Male) |
| 5:29 | Create | Villager (Male) |
| 5:31 | Create | Villager (Male) |
| 5:31 | Create | Villager (Male) |
| 5:31 | Create | Villager (Male) |
| 5:43 | Build | House |
| 5:44 | Build | House |
| 6:43 | Research | Loom |
| 7:11 | Research | Feudal Age |
| 7:34 | Build | Barracks |
| 8:18 | Create | Villager (Male) |
| 8:18 | Create | Villager (Male) |
| 9:21 | Age | Feudal Age |
| 9:23 | Build | Stable |
| 10:01 | Create | Villager (Male) |
| 10:04 | Create | Scout Cavalry |
| 10:17 | Build | Palisade Gate |
| 10:21 | Build | Blacksmith |
| 10:25 | Create | Scout Cavalry |
| 10:30 | Build | House |
| 10:39 | Build | House |
| 10:40 | Build | House |
| 10:42 | Create | Villager (Male) |
| 10:42 | Create | Villager (Male) |
| 10:44 | Create | Scout Cavalry |
| 11:43 | Create | Villager (Male) |
| 11:46 | Build | House |
| 12:03 | Create | Villager (Male) |
| 12:03 | Create | Villager (Male) |
| 12:21 | Create | Scout Cavalry |
| 12:27 | Build | Stable |
| 12:37 | Build | Palisade Wall |
| 13:02 | Create | Villager (Male) |
| 13:18 | Create | Scout Cavalry |
| 13:19 | Create | Scout Cavalry |
| 13:27 | Build | Farm |
| 13:30 | Build | Farm |
| 13:31 | Build | Farm |
| 13:35 | Research | Double-Bit Axe |
| 13:42 | Create | Villager (Male) |
| 13:43 | Create | Scout Cavalry |
| 13:44 | Create | Scout Cavalry |
| 13:59 | Create | Villager (Male) |
| 14:27 | Create | Scout Cavalry |
| 14:27 | Create | Scout Cavalry |
| 14:29 | Create | Villager (Male) |
| 14:36 | Build | Mining Camp |
| 14:55 | Create | Villager (Male) |
| 14:56 | Create | Scout Cavalry |
| 14:56 | Create | Scout Cavalry |
| 15:03 | Research | Scale Barding Armor |
| 15:39 | Create | Villager (Male) |
| 15:39 | Create | Villager (Male) |
| 15:51 | Create | Scout Cavalry |
| 15:52 | Create | Scout Cavalry |
| 15:58 | Build | Farm |
| 15:58 | Build | Farm |
| 15:59 | Build | Farm |
| 16:00 | Build | Farm |
| 16:01 | Build | Farm |
| 16:02 | Build | Farm |
| 16:04 | Build | Farm |
| 16:05 | Build | Farm |
| 16:34 | Create | Villager (Male) |
| 16:34 | Create | Villager (Male) |
| 17:25 | Create | Villager (Male) |
| 17:26 | Create | Villager (Male) |
| 17:37 | Research | Bloodlines |
| 17:55 | Create | Scout Cavalry |
| 17:56 | Create | Scout Cavalry |
| 18:06 | Build | Market |
| 18:16 | Create | Scout Cavalry |
| 18:16 | Create | Scout Cavalry |
| 19:00 | Create | Villager (Male) |
| 19:08 | Build | House |
| 19:09 | Build | House |
| 19:12 | Build | House |
| 19:19 | Build | House |
| 19:21 | Build | House |
| 19:27 | Create | Villager (Male) |
| 19:40 | Build | Farm |
| 19:43 | Build | Farm |
| 19:44 | Build | Farm |
| 19:48 | Build | Mill |
| 19:50 | Build | Farm |
| 19:50 | Build | Farm |
| 19:52 | Build | Farm |
| 19:54 | Build | Farm |
| 19:55 | Build | Farm |
| 19:57 | Build | Farm |
| 20:04 | Create | Scout Cavalry |
| 20:04 | Create | Scout Cavalry |
| 20:21 | Create | Villager (Male) |
| 20:52 | Create | Villager (Male) |
| 20:54 | Create | Scout Cavalry |
| 20:54 | Create | Scout Cavalry |
| 20:58 | Build | Farm |
| 21:00 | Build | Farm |
| 21:01 | Research | Horse Collar |
| 22:12 | Research | Castle Age |
| 22:25 | Build | House |
| 22:40 | Create | Scout Cavalry |
| 22:41 | Create | Scout Cavalry |
| 22:48 | Create | Scout Cavalry |
| 22:48 | Create | Scout Cavalry |
| 23:16 | Build | Mining Camp |
| 23:21 | Create | Scout Cavalry |
| 23:21 | Create | Scout Cavalry |
| 23:54 | Create | Villager (Male) |
| 23:56 | Create | Scout Cavalry |
| 23:56 | Create | Scout Cavalry |
| 24:12 | Create | Villager (Male) |
| 24:16 | Build | Farm |
| 24:17 | Build | Farm |
| 24:52 | Age | Castle Age |
| 25:05 | Build | Town Center |
| 25:14 | Build | Town Center |
| 25:20 | Research | Light Cavalry (upgrade) |
| 25:21 | Research | Chain Barding Armor |
| 26:02 | Research | Husbandry |
| 26:17 | Create | Villager (Male) |
| 26:17 | Create | Villager (Male) |
| 26:45 | Research | Forging |
| 27:18 | Create | Villager (Male) |
| 27:27 | Create | Villager (Male) ×5 |
| 27:36 | Research | Iron Casting |
| 27:55 | Create | Camel Scout |
| 27:56 | Create | Camel Scout |
| 28:04 | Create | Villager (Male) |
| 28:04 | Create | Villager (Male) |
| 28:10 | Create | Villager (Male) |
| 28:10 | Create | Villager (Male) |
| 28:41 | Create | Camel Scout |
| 28:41 | Create | Camel Scout |
Build order — Mr. Cold
First 150 of 227 actions detected
| 0:03 | Build | Town Center |
| 1:05 | Create | Villager (Male) ×4 |
| 1:38 | Research | Loom |
| 1:39 | Create | Villager (Male) |
| 1:39 | Create | Villager (Male) |
| 1:40 | Create | Villager (Male) |
| 1:56 | Create | Villager (Male) |
| 1:57 | Create | Villager (Male) |
| 2:32 | Create | Villager (Male) |
| 2:32 | Create | Villager (Male) |
| 3:00 | Build | Mill |
| 3:42 | Create | Villager (Male) |
| 4:01 | Create | Villager (Male) |
| 4:02 | Create | Villager (Male) |
| 4:02 | Create | Villager (Male) |
| 4:56 | Build | Lumber Camp |
| 5:09 | Build | Lumber Camp |
| 5:19 | Create | Villager (Male) |
| 5:20 | Create | Villager (Male) |
| 6:27 | Create | Villager (Male) |
| 6:28 | Research | Feudal Age |
| 7:19 | Build | House |
| 7:54 | Create | Villager (Male) |
| 9:05 | Age | Feudal Age |
| 9:08 | Build | Stable |
| 9:14 | Build | House |
| 9:23 | Build | House |
| 9:26 | Create | Villager (Male) |
| 9:27 | Research | Double-Bit Axe |
| 9:28 | Research | Horse Collar |
| 9:53 | Create | Scout Cavalry |
| 9:54 | Create | Scout Cavalry |
| 9:57 | Create | Villager (Male) |
| 9:57 | Create | Villager (Male) |
| 10:08 | Build | Blacksmith |
| 10:12 | Build | Palisade Wall |
| 10:34 | Create | Scout Cavalry |
| 10:40 | Create | Villager (Male) |
| 10:43 | Create | Scout Cavalry |
| 10:45 | Build | Farm |
| 10:46 | Build | Farm |
| 10:54 | Research | Scale Barding Armor |
| 11:07 | Create | Villager (Male) |
| 11:09 | Build | Farm |
| 11:15 | Build | Farm |
| 11:22 | Build | House |
| 11:23 | Create | Villager (Male) |
| 11:48 | Create | Scout Cavalry |
| 12:08 | Create | Scout Cavalry |
| 12:14 | Build | Palisade Wall |
| 12:16 | Create | Villager (Male) |
| 12:18 | Build | Farm |
| 12:20 | Build | Farm |
| 12:41 | Create | Villager (Male) |
| 12:44 | Build | House |
| 13:01 | Create | Scout Cavalry |
| 13:03 | Create | Villager (Male) |
| 13:08 | Build | Farm |
| 13:10 | Build | Farm |
| 13:12 | Build | Stable |
| 13:17 | Build | Farm |
| 13:23 | Create | Scout Cavalry |
| 13:25 | Create | Villager (Male) |
| 13:27 | Build | Farm |
| 13:48 | Create | Scout Cavalry |
| 13:56 | Create | Villager (Male) |
| 14:10 | Build | House |
| 14:12 | Build | Palisade Wall |
| 14:15 | Build | Farm |
| 14:20 | Create | Scout Cavalry |
| 14:20 | Create | Scout Cavalry |
| 14:50 | Create | Villager (Male) |
| 14:54 | Create | Scout Cavalry |
| 14:54 | Create | Scout Cavalry |
| 15:28 | Create | Scout Cavalry |
| 15:28 | Create | Scout Cavalry |
| 15:30 | Create | Villager (Male) |
| 15:31 | Create | Villager (Male) |
| 15:52 | Create | Villager (Male) |
| 15:53 | Create | Villager (Male) |
| 16:20 | Create | Scout Cavalry |
| 16:21 | Create | Scout Cavalry |
| 16:25 | Build | Stable |
| 16:27 | Build | Farm |
| 16:28 | Build | Farm |
| 16:31 | Build | Farm |
| 16:32 | Build | Farm |
| 16:33 | Build | Farm |
| 16:45 | Create | Scout Cavalry |
| 16:45 | Create | Scout Cavalry |
| 17:08 | Create | Scout Cavalry |
| 17:15 | Create | Scout Cavalry |
| 17:15 | Create | Scout Cavalry |
| 17:25 | Create | Villager (Male) |
| 17:26 | Create | Villager (Male) |
| 17:27 | Build | Farm |
| 17:31 | Build | Palisade Wall |
| 17:36 | Build | Mining Camp |
| 17:46 | Create | Scout Cavalry |
| 17:46 | Create | Scout Cavalry |
| 17:51 | Create | Villager (Male) |
| 17:51 | Create | Villager (Male) |
| 17:59 | Create | Scout Cavalry |
| 18:15 | Create | Scout Cavalry |
| 18:15 | Create | Scout Cavalry |
| 18:18 | Build | Farm |
| 18:21 | Build | House |
| 18:22 | Build | House |
| 18:26 | Build | House |
| 18:30 | Create | Scout Cavalry |
| 18:31 | Create | Scout Cavalry |
| 18:56 | Create | Scout Cavalry |
| 18:56 | Create | Scout Cavalry |
| 18:57 | Create | Scout Cavalry |
| 19:03 | Build | House |
| 19:05 | Build | Palisade Wall |
| 19:07 | Create | Villager (Male) |
| 19:08 | Create | Villager (Male) |
| 19:37 | Build | Farm |
| 19:38 | Build | Farm |
| 19:39 | Build | Farm |
| 19:41 | Build | Farm |
| 19:43 | Build | Farm |
| 19:46 | Build | Farm |
| 19:47 | Build | Farm |
| 19:48 | Build | Farm |
| 19:48 | Build | Farm |
| 19:52 | Research | Wheelbarrow |
| 19:52 | Create | Villager (Male) |
| 19:57 | Build | Market |
| 19:58 | Build | Palisade Wall |
| 20:01 | Create | Scout Cavalry |
| 20:01 | Create | Scout Cavalry |
| 20:21 | Create | Scout Cavalry |
| 20:22 | Create | Scout Cavalry |
| 20:22 | Create | Scout Cavalry |
| 20:41 | Research | Bloodlines |
| 20:47 | Create | Scout Cavalry |
| 20:47 | Create | Scout Cavalry |
| 20:54 | Build | Stable |
| 21:02 | Build | Palisade Gate |
| 21:07 | Create | Villager (Male) |
| 21:14 | Build | Farm |
| 21:19 | Create | Scout Cavalry |
| 21:19 | Create | Scout Cavalry |
| 21:25 | Create | Scout Cavalry |
| 21:25 | Create | Scout Cavalry |
| 21:42 | Create | Scout Cavalry |
| 21:42 | Create | Scout Cavalry |
| 21:48 | Create | Scout Cavalry |
Build order — DEVAKIO
First 150 of 152 actions detected
| 0:06 | Build | Town Center |
| 1:12 | Create | Villager (Male) |
| 1:13 | Create | Villager (Male) |
| 1:13 | Create | Villager (Male) |
| 1:13 | Create | Villager (Male) |
| 1:13 | Create | Villager (Male) |
| 1:56 | Create | Villager (Male) |
| 1:56 | Create | Villager (Male) |
| 2:36 | Create | Villager (Male) |
| 2:36 | Create | Villager (Male) |
| 2:47 | Build | Lumber Camp |
| 3:13 | Create | Villager (Male) |
| 3:13 | Create | Villager (Male) |
| 3:13 | Create | Villager (Male) |
| 3:41 | Create | Villager (Male) |
| 3:47 | Create | Villager (Male) |
| 4:24 | Build | House |
| 4:58 | Create | Villager (Male) |
| 4:58 | Create | Villager (Male) |
| 5:29 | Create | Villager (Male) |
| 5:30 | Create | Villager (Male) |
| 5:47 | Create | Villager (Male) |
| 6:13 | Create | Villager (Male) |
| 6:50 | Build | Palisade Wall |
| 6:52 | Create | Villager (Male) |
| 7:29 | Create | Villager (Male) |
| 7:55 | Build | Mill |
| 8:45 | Research | Loom |
| 8:45 | Research | Feudal Age |
| 8:46 | Research | Feudal Age |
| 8:46 | Research | Feudal Age |
| 9:40 | Build | Mining Camp |
| 9:55 | Build | Palisade Wall |
| 9:58 | Build | Palisade Wall |
| 10:03 | Build | Palisade Wall |
| 10:18 | Build | Barracks |
| 10:57 | Build | House |
| 11:20 | Age | Feudal Age |
| 11:22 | Create | Villager (Male) |
| 11:24 | Build | Archery Range |
| 11:30 | Create | Villager (Male) |
| 11:33 | Research | Double-Bit Axe |
| 11:34 | Research | Double-Bit Axe |
| 11:38 | Build | House |
| 11:40 | Build | House |
| 11:43 | Build | Palisade Wall |
| 11:51 | Create | Villager (Male) |
| 12:00 | Create | Archer |
| 12:05 | Build | Palisade Wall |
| 12:14 | Create | Villager (Male) |
| 12:17 | Create | Archer |
| 12:20 | Build | Archery Range |
| 12:24 | Build | House |
| 12:35 | Create | Archer |
| 12:38 | Create | Villager (Male) |
| 12:48 | Build | Lumber Camp |
| 12:54 | Build | Farm |
| 13:12 | Create | Villager (Male) |
| 13:19 | Create | Villager (Male) |
| 13:46 | Build | Market |
| 13:52 | Create | Skirmisher |
| 13:52 | Create | Skirmisher |
| 13:59 | Create | Villager (Male) |
| 14:11 | Create | Skirmisher |
| 14:32 | Build | Farm |
| 14:40 | Create | Villager (Male) |
| 14:41 | Create | Archer |
| 14:42 | Create | Skirmisher |
| 15:10 | Build | Farm |
| 15:13 | Create | Villager (Male) |
| 15:19 | Create | Archer |
| 15:19 | Create | Skirmisher |
| 15:43 | Create | Villager (Male) |
| 15:45 | Build | Farm |
| 15:47 | Build | Farm |
| 15:57 | Build | Palisade Gate |
| 15:59 | Build | Palisade Wall |
| 16:00 | Create | Villager (Male) |
| 16:02 | Build | Farm |
| 16:08 | Create | Skirmisher |
| 16:09 | Create | Archer |
| 16:16 | Create | Archer |
| 16:16 | Create | Archer |
| 16:17 | Create | Villager (Male) |
| 16:35 | Create | Archer |
| 16:44 | Build | House |
| 16:55 | Build | Palisade Wall |
| 17:00 | Build | Palisade Wall |
| 17:02 | Create | Villager (Male) |
| 17:11 | Create | Archer |
| 17:11 | Create | Archer |
| 17:23 | Build | Blacksmith |
| 17:42 | Create | Villager (Male) |
| 17:56 | Create | Archer |
| 17:57 | Create | Archer |
| 17:58 | Create | Villager (Male) |
| 18:06 | Build | House |
| 18:08 | Build | House |
| 18:15 | Research | Fletching |
| 18:15 | Research | Fletching |
| 18:15 | Research | Fletching |
| 18:30 | Create | Villager (Male) |
| 18:31 | Create | Archer |
| 18:31 | Create | Archer |
| 18:42 | Create | Villager (Male) |
| 18:45 | Build | Farm |
| 18:46 | Build | Farm |
| 18:52 | Create | Archer |
| 18:52 | Create | Archer |
| 19:08 | Create | Villager (Male) |
| 19:33 | Create | Archer |
| 19:33 | Create | Archer |
| 19:34 | Create | Villager (Male) |
| 19:58 | Create | Archer |
| 19:58 | Create | Archer |
| 20:02 | Create | Villager (Male) |
| 20:09 | Build | Farm |
| 20:10 | Build | Farm |
| 20:13 | Create | Archer |
| 20:13 | Create | Archer |
| 20:31 | Create | Villager (Male) |
| 20:38 | Build | Palisade Gate |
| 20:40 | Build | House |
| 20:56 | Research | Castle Age |
| 20:57 | Research | Castle Age |
| 21:09 | Build | House |
| 21:15 | Build | Palisade Wall |
| 21:22 | Create | Archer |
| 21:23 | Create | Archer |
| 21:32 | Build | Archery Range |
| 21:36 | Create | Archer |
| 21:36 | Create | Archer |
| 21:47 | Create | Villager (Male) |
| 21:49 | Research | Padded Archer Armor |
| 21:49 | Research | Padded Archer Armor |
| 21:50 | Research | Padded Archer Armor |
| 21:52 | Build | House |
| 21:56 | Build | Farm |
| 22:00 | Create | Archer |
| 22:00 | Create | Archer |
| 22:34 | Create | Archer |
| 22:46 | Create | Archer |
| 22:46 | Create | Archer |
| 22:50 | Create | Villager (Male) |
| 22:55 | Build | Mining Camp |
| 23:25 | Build | House |
| 23:43 | Age | Castle Age |
| 23:46 | Create | Villager (Male) |
| 23:50 | Build | House |
| 24:16 | Create | Villager (Male) |
Build order — Kingbirra10
First 150 of 183 actions detected
| 0:05 | Build | Town Center |
| 1:15 | Create | Villager (Male) |
| 1:16 | Create | Villager (Male) |
| 1:16 | Create | Villager (Male) |
| 1:18 | Create | Villager (Male) |
| 1:49 | Build | Lumber Camp |
| 1:52 | Create | Villager (Male) |
| 2:37 | Build | House |
| 3:02 | Create | Villager (Male) |
| 3:03 | Create | Villager (Male) |
| 4:06 | Create | Villager (Male) |
| 4:07 | Create | Villager (Male) |
| 4:12 | Build | Mill |
| 4:51 | Create | Villager (Male) |
| 4:52 | Create | Villager (Male) |
| 5:00 | Create | Villager (Male) |
| 5:18 | Create | Villager (Male) |
| 5:35 | Create | Villager (Male) |
| 6:54 | Research | Loom |
| 7:27 | Research | Feudal Age |
| 7:36 | Build | Barracks |
| 8:37 | Build | House |
| 8:41 | Build | House |
| 8:50 | Build | Palisade Wall |
| 9:41 | Age | Feudal Age |
| 9:42 | Build | Stable |
| 9:45 | Research | Double-Bit Axe |
| 9:54 | Create | Villager (Male) |
| 10:00 | Create | Villager (Male) |
| 10:07 | Build | House |
| 10:09 | Build | Palisade Wall |
| 10:10 | Build | Palisade Gate |
| 10:13 | Build | Palisade Wall |
| 10:30 | Create | Scout Cavalry |
| 10:30 | Create | Scout Cavalry |
| 10:31 | Create | Scout Cavalry |
| 10:46 | Create | Spearman |
| 10:55 | Create | Villager (Male) |
| 11:02 | Build | Blacksmith |
| 11:14 | Build | House |
| 11:16 | Build | Palisade Wall |
| 11:23 | Build | Palisade Gate |
| 11:32 | Create | Villager (Male) |
| 11:53 | Research | Scale Barding Armor |
| 11:58 | Create | Spearman |
| 12:11 | Build | Farm |
| 12:12 | Build | Farm |
| 12:12 | Build | Farm |
| 12:13 | Build | Farm |
| 12:15 | Build | Farm |
| 12:17 | Build | Farm |
| 12:19 | Create | Villager (Male) |
| 12:20 | Create | Villager (Male) |
| 12:31 | Build | House |
| 12:32 | Build | House |
| 12:34 | Build | Palisade Wall |
| 12:35 | Build | Palisade Gate |
| 12:55 | Create | Scout Cavalry |
| 13:38 | Create | Villager (Male) |
| 13:40 | Create | Villager (Male) |
| 13:48 | Create | Scout Cavalry |
| 13:58 | Create | Villager (Male) |
| 14:06 | Build | Farm |
| 14:07 | Build | Farm |
| 14:40 | Build | Farm |
| 14:43 | Build | Farm |
| 14:43 | Build | Farm |
| 14:44 | Build | Farm |
| 14:46 | Build | Farm |
| 14:46 | Build | Farm |
| 14:47 | Build | Farm |
| 14:48 | Build | Farm |
| 14:49 | Build | Farm |
| 15:10 | Create | Scout Cavalry |
| 15:11 | Create | Scout Cavalry |
| 15:20 | Build | Farm |
| 15:22 | Build | Farm |
| 15:23 | Create | Villager (Male) |
| 15:24 | Create | Villager (Male) |
| 15:28 | Build | House |
| 15:30 | Build | House |
| 15:31 | Build | Palisade Wall |
| 15:36 | Build | Palisade Wall |
| 15:36 | Build | Palisade Gate |
| 15:38 | Build | Palisade Wall |
| 15:59 | Build | Mining Camp |
| 16:00 | Create | Villager (Male) |
| 16:01 | Create | Villager (Male) |
| 16:02 | Create | Villager (Male) |
| 16:44 | Create | Villager (Male) |
| 17:06 | Create | Scout Cavalry |
| 17:25 | Create | Villager (Male) |
| 17:56 | Build | House |
| 17:59 | Build | Palisade Wall |
| 18:00 | Build | Palisade Gate |
| 18:03 | Build | House |
| 18:04 | Build | House |
| 18:46 | Research | Castle Age |
| 19:03 | Research | Gold Mining |
| 19:09 | Build | Stable |
| 19:35 | Research | Bloodlines |
| 19:47 | Build | Stable |
| 20:15 | Research | Horse Collar |
| 20:54 | Build | Mining Camp |
| 20:57 | Create | Villager (Male) |
| 21:14 | Build | Farm |
| 21:26 | Age | Castle Age |
| 21:27 | Create | Knight |
| 21:27 | Create | Knight |
| 21:27 | Create | Knight |
| 21:28 | Create | Knight |
| 21:28 | Create | Knight |
| 21:28 | Create | Knight |
| 21:33 | Research | Husbandry |
| 21:38 | Research | Heavy Plow |
| 21:43 | Create | Villager (Male) |
| 21:55 | Create | Villager (Male) |
| 22:19 | Create | Villager (Male) |
| 22:21 | Build | Farm |
| 22:22 | Build | Farm |
| 22:23 | Build | Farm |
| 22:24 | Build | Farm |
| 22:25 | Build | Farm |
| 22:33 | Research | Chain Barding Armor |
| 22:49 | Create | Villager (Male) |
| 24:04 | Create | Villager (Male) |
| 24:05 | Create | Villager (Male) |
| 24:12 | Create | Knight |
| 24:12 | Create | Knight |
| 24:12 | Create | Knight |
| 24:13 | Create | Knight |
| 24:13 | Create | Knight |
| 24:14 | Create | Knight |
| 24:40 | Create | Villager (Male) |
| 24:58 | Create | Knight |
| 24:58 | Create | Knight |
| 24:59 | Create | Knight |
| 25:05 | Build | Lumber Camp |
| 26:00 | Create | Knight |
| 26:01 | Create | Knight |
| 26:01 | Create | Knight |
| 26:24 | Build | Town Center |
| 26:26 | Create | Villager (Male) |
| 26:27 | Create | Villager (Male) |
| 26:31 | Create | Knight |
| 26:31 | Create | Knight |
| 27:21 | Research | Wheelbarrow |
| 27:26 | Create | Villager (Male) |
| 27:26 | Create | Villager (Male) |
| 28:36 | Create | Villager (Male) |
Build order — Mike Hawks Krusty
First 150 of 166 actions detected
| 0:06 | Build | Town Center |
| 1:11 | Research | Loom |
| 1:40 | Create | Villager (Male) |
| 1:40 | Create | Villager (Male) |
| 2:05 | Create | Villager (Male) |
| 2:05 | Create | Villager (Male) |
| 2:31 | Create | Villager (Male) |
| 2:31 | Create | Villager (Male) |
| 2:31 | Create | Villager (Male) |
| 3:04 | Create | Villager (Male) |
| 3:05 | Create | Villager (Male) |
| 3:05 | Create | Villager (Male) |
| 3:44 | Create | Villager (Male) |
| 3:53 | Build | Lumber Camp |
| 4:08 | Create | Villager (Male) |
| 4:08 | Create | Villager (Male) |
| 4:22 | Create | Villager (Male) |
| 4:22 | Create | Villager (Male) |
| 4:22 | Create | Villager (Male) |
| 4:23 | Create | Villager (Male) |
| 4:54 | Create | Villager (Male) |
| 5:43 | Build | Mill |
| 5:48 | Create | Villager (Male) |
| 7:13 | Build | House |
| 7:35 | Create | Villager (Male) |
| 7:38 | Research | Feudal Age |
| 8:00 | Build | Barracks |
| 8:52 | Build | Palisade Wall |
| 9:19 | Build | Mining Camp |
| 9:47 | Build | House |
| 9:47 | Build | House |
| 10:06 | Age | Feudal Age |
| 10:15 | Build | House |
| 10:26 | Create | Villager (Male) |
| 10:26 | Create | Villager (Male) |
| 10:27 | Create | Villager (Male) |
| 10:36 | Build | Watch Tower |
| 11:07 | Build | Archery Range |
| 12:05 | Create | Spearman |
| 12:05 | Create | Spearman |
| 12:34 | Research | Double-Bit Axe |
| 12:39 | Research | Horse Collar |
| 12:40 | Create | Villager (Male) |
| 12:40 | Create | Villager (Male) |
| 12:40 | Create | Villager (Male) |
| 12:40 | Create | Villager (Male) |
| 13:18 | Build | Farm |
| 13:19 | Build | Farm |
| 13:20 | Build | Farm |
| 13:22 | Build | Farm |
| 13:22 | Build | Farm |
| 13:24 | Build | Farm |
| 13:27 | Build | Farm |
| 13:28 | Build | Farm |
| 13:38 | Create | Archer |
| 13:38 | Create | Archer |
| 13:41 | Create | Villager (Male) |
| 14:04 | Build | Farm |
| 14:07 | Create | Villager (Male) |
| 14:12 | Create | Spearman |
| 14:13 | Create | Spearman |
| 14:22 | Create | Archer |
| 14:46 | Build | Archery Range |
| 14:53 | Create | Archer |
| 14:57 | Create | Spearman |
| 15:23 | Create | Archer |
| 15:35 | Create | Archer |
| 15:35 | Create | Archer |
| 15:40 | Build | Blacksmith |
| 16:23 | Create | Villager (Male) |
| 16:23 | Create | Villager (Male) |
| 16:23 | Create | Villager (Male) |
| 16:23 | Create | Villager (Male) |
| 16:30 | Build | House |
| 16:31 | Build | House |
| 16:31 | Build | House |
| 16:55 | Research | Fletching |
| 16:58 | Create | Archer |
| 16:58 | Create | Archer |
| 16:58 | Create | Archer |
| 16:58 | Create | Archer |
| 17:29 | Create | Archer |
| 17:29 | Create | Archer |
| 17:31 | Create | Villager (Male) |
| 17:31 | Create | Villager (Male) |
| 17:35 | Build | House |
| 17:35 | Build | House |
| 19:00 | Create | Archer |
| 19:00 | Create | Archer |
| 19:00 | Create | Archer |
| 19:00 | Create | Archer |
| 19:03 | Create | Villager (Male) |
| 19:03 | Create | Villager (Male) |
| 19:04 | Create | Villager (Male) |
| 19:16 | Build | Farm |
| 19:17 | Build | Farm |
| 19:18 | Build | Farm |
| 19:19 | Build | Farm |
| 19:20 | Build | Farm |
| 19:21 | Build | Farm |
| 19:30 | Create | Archer |
| 19:30 | Create | Archer |
| 19:34 | Research | Padded Archer Armor |
| 19:36 | Create | Spearman |
| 19:37 | Create | Spearman |
| 20:27 | Create | Villager (Male) |
| 20:27 | Create | Villager (Male) |
| 20:27 | Create | Villager (Male) |
| 20:29 | Create | Archer |
| 20:29 | Create | Archer |
| 20:29 | Create | Archer |
| 20:29 | Create | Archer |
| 20:30 | Create | Archer |
| 20:30 | Create | Archer |
| 20:47 | Create | Villager (Male) |
| 20:52 | Build | Farm |
| 20:56 | Build | House |
| 20:57 | Build | House |
| 20:57 | Build | House |
| 21:08 | Create | Archer |
| 21:08 | Create | Archer |
| 22:49 | Research | Castle Age |
| 23:06 | Create | Archer |
| 23:07 | Create | Archer |
| 23:07 | Create | Archer |
| 23:07 | Create | Archer |
| 23:07 | Create | Archer |
| 23:12 | Create | Spearman |
| 23:12 | Create | Spearman |
| 23:58 | Create | Archer |
| 23:58 | Create | Archer |
| 23:58 | Create | Archer |
| 23:58 | Create | Archer |
| 24:09 | Build | Lumber Camp |
| 24:50 | Research | Gold Mining |
| 24:52 | Create | Archer |
| 24:53 | Create | Archer |
| 25:03 | Build | Mining Camp |
| 25:29 | Age | Castle Age |
| 25:33 | Research | Crossbowman (upgrade) |
| 25:54 | Research | Bodkin Arrow |
| 26:20 | Build | University |
| 27:26 | Research | Ballistics |
| 27:27 | Create | Villager (Male) |
| 27:27 | Create | Villager (Male) |
| 27:28 | Create | Villager (Male) |
| 27:28 | Create | Villager (Male) |
| 27:28 | Create | Villager (Male) |
| 29:16 | Create | Archer |
| 29:16 | Create | Archer |
Build order — MUSI
First 150 of 247 actions detected
| 0:04 | Build | Town Center |
| 1:12 | Create | Villager (Male) |
| 1:12 | Create | Villager (Male) |
| 1:13 | Create | Villager (Male) |
| 1:13 | Create | Villager (Male) |
| 1:13 | Create | Villager (Male) |
| 1:14 | Create | Villager (Male) |
| 1:54 | Build | Lumber Camp |
| 1:54 | Create | Villager (Male) |
| 1:55 | Create | Villager (Male) |
| 2:45 | Create | Villager (Male) |
| 2:45 | Create | Villager (Male) |
| 2:56 | Create | Villager (Male) |
| 2:57 | Create | Villager (Male) |
| 3:19 | Create | Villager (Male) |
| 3:35 | Create | Villager (Male) |
| 3:35 | Create | Villager (Male) |
| 3:36 | Create | Villager (Male) |
| 4:12 | Build | House |
| 4:13 | Build | House |
| 4:37 | Build | Mill |
| 5:23 | Create | Villager (Male) |
| 5:23 | Create | Villager (Male) |
| 5:44 | Create | Villager (Male) |
| 5:59 | Create | Villager (Male) |
| 6:56 | Create | Villager (Male) |
| 7:04 | Research | Loom |
| 7:57 | Research | Feudal Age |
| 8:20 | Build | Palisade Wall |
| 8:21 | Build | Palisade Wall |
| 8:52 | Build | Palisade Wall |
| 9:10 | Build | Barracks |
| 9:37 | Create | Villager (Male) |
| 9:37 | Create | Villager (Male) |
| 9:45 | Build | House |
| 9:49 | Build | Palisade Wall |
| 10:07 | Age | Feudal Age |
| 10:12 | Build | Stable |
| 10:29 | Research | Double-Bit Axe |
| 10:29 | Research | Double-Bit Axe |
| 10:33 | Create | Villager (Male) |
| 10:49 | Build | House |
| 10:50 | Build | House |
| 10:52 | Build | Palisade Wall |
| 11:03 | Create | Scout Cavalry |
| 11:04 | Create | Scout Cavalry |
| 11:21 | Build | Mill |
| 11:23 | Create | Villager (Male) |
| 11:24 | Create | Villager (Male) |
| 11:42 | Create | Villager (Male) |
| 11:53 | Build | Blacksmith |
| 11:56 | Create | Villager (Male) |
| 12:07 | Build | Palisade Gate |
| 12:11 | Build | Palisade Wall |
| 12:13 | Create | Scout Cavalry |
| 12:14 | Create | Scout Cavalry |
| 12:46 | Research | Horse Collar |
| 12:47 | Create | Villager (Male) |
| 12:54 | Research | Forging |
| 13:13 | Create | Scout Cavalry |
| 13:34 | Create | Scout Cavalry |
| 13:43 | Create | Scout Cavalry |
| 13:48 | Build | Farm |
| 13:50 | Build | Farm |
| 14:23 | Create | Scout Cavalry |
| 14:28 | Create | Villager (Male) |
| 14:29 | Create | Villager (Male) |
| 14:32 | Build | Farm |
| 14:33 | Build | Farm |
| 14:36 | Build | Farm |
| 14:44 | Build | House |
| 14:59 | Create | Villager (Male) |
| 15:00 | Create | Villager (Male) |
| 15:02 | Build | Farm |
| 15:05 | Build | Farm |
| 15:25 | Create | Villager (Male) |
| 15:29 | Build | Farm |
| 15:31 | Build | Farm |
| 15:46 | Create | Villager (Male) |
| 15:57 | Create | Villager (Male) |
| 15:59 | Build | Farm |
| 16:01 | Build | Farm |
| 16:05 | Build | Farm |
| 16:17 | Create | Scout Cavalry |
| 16:18 | Create | Villager (Male) |
| 16:25 | Build | Market |
| 16:30 | Create | Villager (Male) |
| 16:34 | Build | Farm |
| 16:37 | Build | Farm |
| 16:40 | Create | Villager (Male) |
| 16:46 | Build | Mining Camp |
| 17:08 | Create | Villager (Male) |
| 17:14 | Create | Scout Cavalry |
| 17:53 | Build | Palisade Wall |
| 18:12 | Create | Villager (Male) |
| 18:14 | Build | Farm |
| 18:17 | Build | House |
| 18:18 | Build | House |
| 18:32 | Create | Scout Cavalry |
| 18:49 | Create | Villager (Male) |
| 18:53 | Build | Farm |
| 18:54 | Build | Farm |
| 19:41 | Create | Villager (Male) |
| 19:42 | Create | Villager (Male) |
| 19:54 | Build | Farm |
| 20:06 | Build | Stable |
| 20:13 | Research | Castle Age |
| 20:27 | Research | Bloodlines |
| 20:34 | Build | House |
| 20:37 | Build | House |
| 20:42 | Build | House |
| 20:46 | Build | House |
| 20:52 | Build | House |
| 21:22 | Research | Gold Mining |
| 21:22 | Research | Gold Mining |
| 22:17 | Research | Scale Barding Armor |
| 22:27 | Build | Stable |
| 22:42 | Create | Villager (Male) |
| 22:43 | Create | Villager (Male) |
| 22:53 | Age | Castle Age |
| 22:57 | Build | Town Center |
| 23:01 | Create | Knight |
| 23:01 | Create | Knight |
| 23:03 | Research | Iron Casting |
| 23:12 | Build | Monastery |
| 23:25 | Create | Knight |
| 23:25 | Create | Knight |
| 23:32 | Create | Knight |
| 23:33 | Create | Knight |
| 23:34 | Build | Stable |
| 23:50 | Create | Knight |
| 23:51 | Create | Knight |
| 24:01 | Create | Monk |
| 24:01 | Create | Monk |
| 24:19 | Create | Knight |
| 24:19 | Create | Knight |
| 24:19 | Create | Knight |
| 24:33 | Create | Knight |
| 24:34 | Create | Knight |
| 24:34 | Create | Knight |
| 24:34 | Create | Knight |
| 24:49 | Create | Knight |
| 24:49 | Create | Knight |
| 25:04 | Create | Knight |
| 25:04 | Create | Knight |
| 25:32 | Create | Knight |
| 25:33 | Create | Knight |
| 25:33 | Create | Knight |
| 26:00 | Create | Knight |
| 26:00 | Create | Knight |
Match timeline
| 5:49 | Ra · first_building Barracks |
| 5:55 | TarryMoney · first_building Barracks |
| 6:50 | DEVAKIO · wall_segment Palisade Wall x5 |
| 7:34 | Mike Hawks Veiny · first_building Barracks |
| 7:36 | Kingbirra10 · first_building Barracks |
| 8:00 | Mike Hawks Krusty · first_building Barracks |
| 8:12 | TarryMoney · wall_segment Palisade Wall x1 |
| 8:14 | TarryMoney · wall_segment Palisade Wall x1 |
| 8:15 | TarryMoney · wall_segment Palisade Wall x1 |
| 8:16 | TarryMoney · wall_segment Palisade Wall x1 |
| 8:16 | TarryMoney · wall_segment Palisade Wall x1 |
| 8:19 | TarryMoney · wall_segment Palisade Wall x1 |
| 8:20 | MUSI · wall_segment Palisade Wall x1 |
| 8:20 | TarryMoney · wall_segment Palisade Wall x1 |
| 8:21 | TarryMoney · wall_segment Palisade Wall x1 |
| 8:21 | MUSI · wall_segment Palisade Wall x1 |
| 8:23 | TarryMoney · wall_segment Palisade Wall x1 |
| 8:49 | Ra · age_up feudal |
| 8:50 | Kingbirra10 · wall_segment Palisade Wall x1 |
| 8:52 | Mike Hawks Krusty · wall_segment Palisade Wall x1 |
| 8:52 | MUSI · wall_segment Palisade Wall x11 |
| 8:52 | Ra · first_building Archery Range |
| 9:05 | Mr. Cold · age_up feudal |
| 9:08 | Mr. Cold · first_building Stable |
| 9:10 | MUSI · first_building Barracks |
| 9:16 | TarryMoney · age_up feudal |
| 9:21 | Mike Hawks Veiny · age_up feudal |
| 9:23 | Mike Hawks Veiny · first_building Stable |
| 9:41 | Kingbirra10 · age_up feudal |
| 9:42 | Kingbirra10 · first_building Stable |
| 9:49 | MUSI · wall_segment Palisade Wall x4 |
| 9:55 | DEVAKIO · wall_segment Palisade Wall x1 |
| 9:58 | DEVAKIO · wall_segment Palisade Wall x1 |
| 10:03 | DEVAKIO · wall_segment Palisade Wall x1 |
| 10:06 | Mike Hawks Krusty · age_up feudal |
| 10:07 | MUSI · age_up feudal |
| 10:09 | Kingbirra10 · wall_segment Palisade Wall x6 |
| 10:12 | Mr. Cold · wall_segment Palisade Wall x3 |
| 10:12 | MUSI · first_building Stable |
| 10:13 | Kingbirra10 · wall_segment Palisade Wall x1 |
| 10:18 | DEVAKIO · first_building Barracks |
| 10:52 | MUSI · wall_segment Palisade Wall x1 |
| 11:07 | Mike Hawks Krusty · first_building Archery Range |
| 11:16 | Kingbirra10 · wall_segment Palisade Wall x1 |
| 11:20 | DEVAKIO · age_up feudal |
| 11:24 | DEVAKIO · first_building Archery Range |
| 11:43 | DEVAKIO · wall_segment Palisade Wall x4 |
| 12:05 | DEVAKIO · wall_segment Palisade Wall x3 |
| 12:11 | MUSI · wall_segment Palisade Wall x6 |
| 12:14 | Mr. Cold · wall_segment Palisade Wall x1 |
| 12:34 | Kingbirra10 · wall_segment Palisade Wall x5 |
| 12:37 | Mike Hawks Veiny · wall_segment Palisade Wall x18 |
| 13:37 | Ra · wall_segment Palisade Wall x7 |
| 14:12 | Mr. Cold · wall_segment Palisade Wall x7 |
| 15:31 | Kingbirra10 · wall_segment Palisade Wall x1 |
| 15:36 | Kingbirra10 · wall_segment Palisade Wall x6 |
| 15:38 | Kingbirra10 · wall_segment Palisade Wall x2 |
| 15:59 | DEVAKIO · wall_segment Palisade Wall x1 |
| 16:55 | DEVAKIO · wall_segment Palisade Wall x3 |
| 17:00 | DEVAKIO · wall_segment Palisade Wall x5 |
| 17:31 | Mr. Cold · wall_segment Palisade Wall x9 |
| 17:53 | MUSI · wall_segment Palisade Wall x10 |
| 17:59 | Kingbirra10 · wall_segment Palisade Wall x14 |
| 19:05 | Mr. Cold · wall_segment Palisade Wall x8 |
| 19:58 | Mr. Cold · wall_segment Palisade Wall x4 |
| 20:37 | TarryMoney · age_up castle |
| 20:46 | TarryMoney · first_market_sell 100 wood |
| 20:48 | DEVAKIO · first_market_sell 100 stone |
| 20:50 | DEVAKIO · first_market_buy 100 food |
| 20:55 | TarryMoney · first_building Siege Workshop |
| 21:15 | DEVAKIO · wall_segment Palisade Wall x3 |
| 21:26 | Kingbirra10 · age_up castle |
| 22:10 | TarryMoney · first_market_buy 100 wood |
| 22:25 | Mr. Cold · wall_segment Palisade Wall x10 |
| 22:53 | MUSI · age_up castle |
| 23:12 | MUSI · first_building Monastery |
| 23:43 | DEVAKIO · age_up castle |
| 24:33 | MUSI · first_market_sell 100 food |
| 24:44 | Mr. Cold · first_market_sell 500 stone |
| 24:45 | Mr. Cold · first_market_buy 100 food |
| 24:52 | Mike Hawks Veiny · age_up castle |
| 25:29 | Mike Hawks Krusty · age_up castle |
| 25:31 | Ra · wall_segment Stone Wall x1 |
| 25:32 | Ra · wall_segment Stone Wall x1 |
| 25:33 | Ra · wall_segment Stone Wall x1 |
| 25:41 | DEVAKIO · resign |
| 26:01 | Ra · wall_segment Stone Wall x1 |
| 26:04 | Ra · wall_segment Stone Wall x7 |
| 27:20 | Mr. Cold · wall_segment Palisade Wall x1 |
| 27:34 | Mr. Cold · age_up castle |
| 27:56 | TarryMoney · first_building Monastery |
| 28:00 | Ra · age_up castle |
| 29:48 | Mike Hawks Krusty · first_building Castle |
| 30:51 | Mike Hawks Veiny · first_building Castle |
| 31:14 | Ra · first_building Siege Workshop |
| 31:18 | TarryMoney · wall_segment Palisade Wall x1 |
| 32:07 | Kingbirra10 · first_building Castle |
[ AI ANALYSIS · 1 CREDIT ]
What really happened in this match?
Wolo.gg analyzes every decision: build order, eco, micro, common mistakes by bracket. Personalized analysis on WhatsApp or Discord in 30 seconds.
Civ guide
Britons
Perfil
Jugador #2648726